 Dungeon Crawl Stone Soup version 0.17.0-56-gd8de76c (webtiles) character file.

4349 Ganima the Bludgeoner (level 10, -4/78 HPs)
             Began as a Hill Orc Fighter on Dec 5, 2015.
             Was an Initiate of Okawaru.
             Slain by an elephant (13 damage)
             ... on level 8 of the Dungeon.
             The game lasted 00:36:10 (11041 turns).

Ganima the Bludgeoner (Hill Orc Fighter)           Turns: 11041, Time: 00:36:10

Health: -4/78      AC: 13    Str: 23    XL:     10   Next: 34%
Magic:  11/11      EV:  7    Int:  8    God:    Okawaru [......]
Gold:   250        SH:  9    Dex: 10    Spells: 2 memorised, 5 levels left

rFire  + + .     SeeInvis .     d - +0 whip
rCold  . . .     Clarity  .     x - +0 scale mail
rNeg   . . .     SustAt   .     c - +0 shield
rPois  .         Gourm    +     l - +2 hat
rElec  .         Spirit   .     L - +1 cloak
rCorr  .         Warding  .     g - +0 pair of gloves
rMut   .         Stasis   .     f - +0 pair of boots (curse)
MR     .....                    z - amulet of the gourmand {Gourm, !d}
Stlth  ..........               s - ring of protection from fire
                                p - ring of protection from fire

@: about to teleport, not resistant to hostile enchantments, extremely
unstealthy
A: no striking features
a: Renounce Religion


You were on level 8 of the Dungeon.
You worshipped Okawaru.
Okawaru was noncommittal.
You were completely stuffed.

You visited 2 branches of the dungeon, and saw 9 of its levels.
You also visited: Sewer and Ossuary.

You collected 385 gold pieces.
You spent 135 gold pieces at shops.

Inventory:

Hand Weapons
 b - a +1 flail
 d - a +0 whip (weapon)
Armour
 c - a +0 shield (worn)
 f - a cursed +0 pair of boots (worn)
 g - a +0 pair of gloves (worn)
 l - a +2 hat (worn)
 x - a +0 scale mail (worn)
 L - a +1 cloak (worn)
Jewellery
 h - an uncursed amulet of regeneration
 p - a ring of protection from fire (left hand)
 s - a ring of protection from fire (right hand)
 z - an amulet of the gourmand (around neck) {Gourm, !d}
Wands
 n - a wand of slowing (28)
 y - a wand of polymorph (10)
Scrolls
 a - a scroll of enchant weapon
 i - 4 scrolls of recharging
 m - 6 scrolls of enchant armour
 t - a scroll of blinking {unknown}
 w - 3 scrolls of amnesia
 E - 6 scrolls of fog
 G - 2 scrolls of fear {unknown}
 I - a scroll of identify
 K - 4 scrolls of teleportation
 M - 3 scrolls of magic mapping
 R - 8 scrolls of remove curse
Potions
 e - 5 potions of flight
 j - 2 potions of lignification {unknown}
 o - a potion of degeneration {unknown}
 q - a potion of berserk rage
 r - 2 potions of poison {unknown}
 u - 3 potions of haste {unknown}
 v - 2 potions of cure mutation {unknown}
 A - 2 potions of magic {unknown}
 B - 2 potions of brilliance {unknown}
 C - 6 potions of curing
 H - 4 potions of heal wounds
 Q - 2 potions of might
Books
 J - a book of Minor Magic

   Spells                             Type                      Level
   a - Magic Dart                     Conjuration                  1
   b - Blink                          Translocation                2
   c - Call Imp                       Summoning                    2
   d - Repel Missiles                 Charms/Air                   2
   e - Slow                           Hexes                        2
   f - Conjure Flame                  Conjuration/Fire             3
   g - Mephitic Cloud                 Conjuration/Poison/Air       3
Comestibles
 W - 3 fruits
 X - 5 bread rations {@e1}
 Y - 7 meat rations {@e2}


   Skills:
 + Level 3.9 Fighting
 * Level 15.1 Maces & Flails
 + Level 3.7 Armour
 + Level 3.4 Shields
 + Level 1.5 Invocations


You had 5 spell levels left.
You knew the following spells:

 Your Spells              Type           Power        Failure   Level  Hunger
a - Repel Missiles        Chrm/Air       #.....       100%        2    ###....
b - Blink                 Tloc           N/A          100%        2    ###....


Dungeon Overview and Level Annotations

Branches:
Dungeon (8/15)             Temple (1/1) D:7            Lair (0/8) D:8

Altars:
Ashenzari
Cheibriados
Dithmenos
Elyvilon
Fedhas
Gozag
Kikubaaqudgha
Makhleb
Nemelex Xobeh
Okawaru
Qazlal
Ru
Sif Muna
Trog
Xom
Yredelemnul
Zin
The Shining One

Shops:
D:4 ?:*   D:7 ((}*


Message History

The elephant is moderately wounded!
You punish the elephant but do no damage!
The elephant is moderately wounded!
The elephant tramples you but does no damage!
The elephant trunk-slaps you but does no damage!
You punish the elephant, causing immense pain!
The elephant is moderately wounded!
You punish the elephant, causing immense pain!
The elephant is moderately wounded!
The elephant tramples you!!! * * * don't die
* * * You stumble backwards!!!
The elephant tramples you!!! * * * don't die
* * * You stumble backwards!!!
Read which item? (? for menu, Esc to quit)
As you read the scroll of teleportation, it crumbles to dust!
You feel strangely unstable! The elephant tramples you!!! rip

. ..#..... #. ###....#
###.##......#
+........#...
#.#....#.#..#
#.....<#.#..# .... .
#########.#..##.##.... o.
#......##.#........#.# ..P
###@##.#(## .#.... {.P.
#.Y....<..###...#.# ..Z?.
#O#.##.##..........
>.(...##)#.##..........#.#
..YY.....#................
.....###.#<########.#.#..#
.P. #.#......# .# .# .
..######.# .# # ..# .#


You could see an elephant and an ogre.

Vanquished Creatures
  A manticore (D:7)
  Prince Ribbit (D:7)
  A yak (D:8)
  A hippogriff (D:8)
  2 sky beasts
  An ice beast (D:7)
  3 phantoms (D:6)
  An orc warrior (D:6)
  4 ogres
  2 centaurs
  2 giant frogs (Sewer)
  11 scorpions
  A quasit (D:6)
  4 wights (D:7)
  A centaur zombie (Ossuary)
  3 hounds
  Crazy Yiuf (D:2)
  A centaur skeleton (D:7)
  A giant frog skeleton (D:7)
  4 orc priests
  2 jellies
  2 human zombies (Ossuary)
  7 orc wizards
  2 iguanas
  7 worker ants
  A big kobold zombie (Ossuary)
  2 sheep (D:8)
  A killer bee zombie (D:7)
  A hound skeleton (D:7)
  3 mummies (Ossuary)
  A worker ant zombie (D:8)
  10 gnolls
  7 river rats (Sewer)
  6 scorpion zombies (Ossuary)
  19 adders
  A shadow imp (D:5)
  4 worms
  An adder skeleton (D:6)
  7 giant geckos
  27 orcs
  4 bat zombies (D:4)
  3 giant cockroaches
  2 gnoll zombies (Ossuary)
  10 goblins
  6 hobgoblins
  3 jackals (D:1)
  2 quokkas
  12 ball pythons
  6 bats
  8 giant newts
  2 goblin zombies
  7 kobolds
  2 kobold zombies (Ossuary)
  An orc zombie (Ossuary)
  2 quokka skeletons
  A quokka zombie (D:6)
  32 rats
  3 rat zombies (D:4)
263 creatures vanquished.

Vanquished Creatures (others)
  A gnoll zombie (Ossuary)
  A goblin zombie (Ossuary)
  A hobgoblin zombie (Ossuary)
3 creatures vanquished.

Grand Total: 266 creatures vanquished

Notes
Turn   | Place    | Note
--------------------------------------------------------------
     0 | D:1      | Ganima the Hill Orc Fighter began the quest for the Orb.
     0 | D:1      | Reached XP level 1. HP: 19/19 MP: 1/1
   197 | D:1      | Reached XP level 2. HP: 26/26 MP: 2/2
   201 | D:1      | Reached skill level 3 in Maces & Flails
   712 | D:2      | Reached XP level 3. HP: 19/31 MP: 3/3
  1076 | D:2      | Reached skill level 4 in Maces & Flails
  1278 | D:2      | Reached XP level 4. HP: 37/39 MP: 4/4
  1504 | D:2      | Found a faded altar to an unknown god.
  1796 | D:2      | Noticed Crazy Yiuf
  1807 | D:2      | Killed Crazy Yiuf
  1807 | D:2      | Reached skill level 5 in Maces & Flails
  2079 | D:3      | Reached XP level 5. HP: 41/45 MP: 5/5
  2087 | D:3      | Reached skill level 6 in Maces & Flails
  2206 | D:4      | Found a sand-covered staircase.
  2214 | D:4      | Reached XP level 6. HP: 37/51 MP: 6/6
  2228 | Ossuary  | Entered an ossuary
  2318 | Ossuary  | Reached skill level 7 in Maces & Flails
  2626 | Ossuary  | Reached skill level 8 in Maces & Flails
  2626 | Ossuary  | Reached XP level 7. HP: 54/57 MP: 7/7
  2904 | Ossuary  | Reached skill level 9 in Maces & Flails
  3451 | Ossuary  | Reached XP level 8. HP: 31/64 MP: 8/8
  3461 | Ossuary  | HP: 16/64 [poisoned by a scorpion]
  3467 | Ossuary  | HP: 13/64 [poisoned by a scorpion]
  3474 | Ossuary  | HP: 12/64 [poisoned by a scorpion]
  3481 | Ossuary  | HP: 11/64 [poisoned by a scorpion]
  3489 | Ossuary  | HP: 11/64 [poisoned by a scorpion]
  3824 | Ossuary  | Reached skill level 10 in Maces & Flails
  3912 | D:4      | Noticed an ogre
  3966 | D:4      | Found Ryrex's Assorted Antiques.
  4695 | D:3      | Found a snail-covered altar of Cheibriados.
  5066 | D:3      | Killed an ogre
  5095 | D:4      | Found Rimiunar's Book Shoppe.
  5207 | D:4      | Found an ancient bone altar of Kikubaaqudgha.
  5285 | D:4      | Noticed an ogre
  5295 | D:4      | Killed an ogre
  5295 | D:4      | Reached skill level 11 in Maces & Flails
  5427 | D:4      | Found Utetzuc's Magic Scroll Shop.
  5431 | D:4      | Bought a scroll of identify for 20 gold pieces
  5431 | D:4      | Bought a scroll of identify for 20 gold pieces
  5431 | D:4      | Bought a scroll of teleportation for 30 gold pieces
  5431 | D:4      | Bought a scroll of amnesia for 35 gold pieces
  5431 | D:4      | Bought a scroll of identify for 20 gold pieces
  5431 | D:4      | Bought a scroll of noise for 10 gold pieces
  5458 | D:4      | Found a white marble altar of Elyvilon.
  5732 | D:5      | Entered Level 5 of the Dungeon
  6620 | D:5      | Found a burning altar of Makhleb.
  6776 | D:6      | Found a glowing drain.
  6780 | Sewer    | Entered a sewer
  6934 | Sewer    | Reached skill level 12 in Maces & Flails
  7209 | Sewer    | Reached XP level 9. HP: 70/70 MP: 9/9
  8325 | D:6      | Learned a level 2 spell: Blink
  8328 | D:6      | Learned a level 2 spell: Repel Missiles
  8555 | D:6      | Reached skill level 13 in Maces & Flails
  9169 | D:6      | Found a bloodstained altar of Trog.
  9169 | D:6      | Found a shadowy altar of Dithmenos.
  9170 | D:6      | Found a glowing golden altar of the Shining One.
  9170 | D:6      | Found a shattered altar of Ashenzari.
  9174 | D:6      | Found an opulent altar of Gozag.
  9791 | D:7      | Found Perphut's Weapon Shoppe.
  9833 | D:7      | Found Imepnooth's Gadget Shop.
  9854 | D:7      | Found Nuilloph's General Store.
  9943 | D:7      | Noticed a manticore
  9968 | D:7      | Killed a manticore
  9968 | D:7      | Reached skill level 14 in Maces & Flails
  9968 | D:7      | Reached XP level 10. HP: 15/77 MP: 10/10
 10462 | D:7      | Found a staircase to the Ecumenical Temple.
 10471 | Temple   | Entered the Ecumenical Temple
 10498 | Temple   | Became a worshipper of Warmaster Okawaru
 10643 | D:7      | Found a glowing silver altar of Zin.
 10679 | D:7      | Noticed Prince Ribbit
 10692 | D:7      | Killed Prince Ribbit
 10692 | D:7      | Reached skill level 15 in Maces & Flails
 10726 | D:7      | Found Nidghiwk's Antique Weapon Boutique.
 10931 | D:8      | Found a staircase to the Lair.
 10979 | D:8      | Reached skill level 1 in Invocations
 11011 | D:8      | Noticed an elephant
 11041 | D:8      | Slain by an elephant

Action                   |  1- 3 |  4- 6 |  7- 9 | 10-12 || total
-------------------------+-------+-------+-------+-------++-------
Melee: Flail             |   108 |   161 |   854 |    13 ||  1136
       Whip              |       |       |       |   211 ||   211
  Use: Scroll            |       |     3 |     9 |     2 ||    14
       Potion            |       |       |     3 |     1 ||     4
  Eat: Chunk             |    11 |     6 |    25 |     4 ||    46
